Cogmind - Beta 14 @@@ ROGUE MODE // 2025.03.17 @ 19:59:13 Player: potator Result: Destroyed by 2Z-4ZB(R) with Subdweller Laser Performance ------------- Evolutions (0) 0 Regions Visited (2) 400 Robots Destroyed (33) 165 Value Destroyed (793) 793 Prototype IDs (0) 0 Alien Tech Used (0) 0 Bonus (0) 0 TOTAL SCORE: 1358 Bonus ------- None Cogmind --------- Core Integrity 0/250 Matter 296/300 Energy 100/100 System Corruption 0% Temperature Cool (6) Movement Core (250) Ox4 Location -10/Subcaves Parts ------- > --- POWER (1) -------- Subdweller Power Source > --- PROPULSION (2) --- (None) > --- UTILITY (2) ------ Small Storage Unit Signal Interpreter > --- WEAPON (2) ------- Barrage Gun > --- INVENTORY (8) ---- Heat Sink Subdweller Optics Sensor Array ECM Suite Grenade Launcher Peak State ------------ > --- POWER ------------ Ion Engine > --- PROPULSION ------- Light Treads Light Treads > --- UTILITY ---------- Small Storage Unit Signal Interpreter > --- WEAPON ----------- Beam Rifle Barrage Gun > --- INVENTORY -------- Light Treads Heat Sink Visual Processing Unit Sensor Array ECM Suite Beam Rifle Light Cannon Grenade Launcher [Rating: 11] Favorites ----------- Power Ion Engine Engine Ion Engine Propulsion Light Treads Treads Light Treads Utility Small Storage Unit Device Heat Sink Storage Small Storage Unit Processor Signal Interpreter Weapon Beam Rifle Energy Gun Beam Rifle Ballistic Gun Subdweller Machine Gun Ballistic Cannon Light Cannon Build | -11 -10 -10 ------- Run | Yrd Mat Sub Slots Evolved . | . . . Power . | . . . Propulsion . | . . . Utility . | . . . Weapon . | . . . Parts Attached 29 | 6 15 8 Power 6 | 1 3 2 Engine 6 | 1 3 2 Core . | . . . Reactor . | . . . Propulsion 10 | 2 7 1 Treads 10 | 2 7 1 Leg . | . . . Wheel . | . . . Hover . | . . . Flight . | . . . Utility 3 | 1 2 . Device 1 | . 1 . Storage 1 | 1 . . Processor 1 | . 1 . Hackware . | . . . Protection . | . . . Artifact . | . . . Weapon 10 | 2 3 5 Energy Gun 6 | 2 3 1 Energy Cannon . | . . . Ballistic Gun 3 | . . 3 Ballistic Cannon 1 | . . 1 Launcher . | . . . Special Weapon . | . . . Impact Weapon . | . . . Slashing Weapon . | . . . Piercing Weapon . | . . . Special Melee Weapon . | . . . Unidentified Prototypes . | . . . Parts Lost 8 | . 2 6 Power 1 | . 1 . Propulsion 3 | . 1 2 Utility . | . . . Weapon 4 | . . 4 Highest Loss Streak 3 | . 2 3 To Critical Strikes . | . . . Average Slot Usage (%) 91 | . 95 86 Engine 13 | . 12 14 Treads 21 | . 26 15 Storage 14 | . 14 14 Processor 13 | . 12 14 Energy Gun 16 | . 27 4 Ballistic Gun 6 | . . 13 Ballistic Cannon 4 | . . 9 Peak Build Rating 11 | 6 9 11 Average Rating 8 | 4 8 8 On Entrance 5 | . 6 9 Naked Turns . | . . . Heaviest Build 18 | 14 16 18 Greatest Support 40 | 40 40 40 Greatest Overweight (x) 5 | . 3 5 Average Overweight (x) . | . . . Largest Inventory Capacity 8 | 8 8 8 Average Capacity 7 | 6 8 8 Most Carried 8 | 4 8 8 Average Carried 6 | . 6 6 Final Capacity 8 | 8 8 8 Final Carried 8 | . 8 5 Class Distribution -------------------- 100% | Mutant Dominant Class ---------------- Mutant | -10/Materials Mutant | -10/Subcaves Resources | -11 -10 -10 ----------- Run | Yrd Mat Sub Matter Collected 741 | 219 253 269 Remotely . | . . . Salvage Created 967 | . 648 319 Parts 58 | . 40 18 Haulers Intercepted 2 | . 2 . Recyclers Shooed . | . . . Parts Field Recycled . | . . . Retrieved Matter . | . . . Parts Self-Destructed 16 | . . 16 Prevented . | . . . Kills | -11 -10 -10 ------- Run | Yrd Mat Sub Combat Hostiles Destroyed 26 | . 17 9 Guns 25 | . 17 8 Cannons 1 | . . 1 Classes Destroyed 7 | . 4 3 Hauler 2 | . 2 . Turret 2 | . . 2 Watcher 3 | . 3 . Swarmer 12 | . 9 3 Grunt 10 | . 8 2 Sentry 1 | . . 1 Subdweller 3 | . . 3 Best Kill Streak 6 | . 6 4 Combat Bots Only 6 | . 6 3 Max Kills in Single Turn 2 | . 2 1 Gunslinging 1 | . 1 . Exploded . | . . . Melee . | . . . Uniques/NPCs Destroyed . | . . . Combat | -11 -10 -10 -------- Run | Yrd Mat Sub Hostile Shots Fired 196 | . 75 121 Missed 69 | . 18 51 Damage Taken 1477 | . 589 888 Core 262 | . 100 162 Absorbed by Shields . | . . . Core Remaining (%) 100 | 100 . . Volleys Fired 96 | . 53 43 Largest 2 | . 2 2 Hottest 112 | . 112 84 Shots Fired 166 | . 102 64 Gun 150 | . 102 48 Cannon 16 | . . 16 Launcher . | . . . Special . | . . . Kinetic 57 | . . 57 Thermal 79 | . 72 7 Explosive . | . . . Electromagnetic 30 | . 30 . Robot Hit Streak 13 | . 8 13 Robot Miss Streak 7 | . 7 2 Penetration Max . | . . . Secondary Targets 4 | . 4 . Max Gunslinging Chain 1 | . 1 . Shots Hit Robots 105 | . 53 52 Core Hits 46 | . 27 19 Critical Kills . | . . . Critical Parts Destroyed . | . . . Critical Strikes 9 | . 8 1 Burn 9 | . 8 1 Melee Attacks . | . . . Impact . | . . . Slashing . | . . . Piercing . | . . . Sneak Attacks . | . . . Combat Hostiles . | . . . Follow-up Attacks . | . . . Damage Inflicted 1747 | . 796 951 Guns 1576 | . 796 780 Cannons 171 | . . 171 Explosions . | . . . Melee . | . . . Ramming . | . . . Kinetic 850 | . . 850 Thermal 699 | . 598 101 Explosive . | . . . Electromagnetic 198 | . 198 . Impact . | . . . Slashing . | . . . Piercing . | . . . Highest Corruption . | . . . Average Corruption . | . . . Corruption Purged . | . . . Corruption Blocked . | . . . Overload Shots . | . . . Overflow Damage . | . . . Projectiles . | . . . Explosions . | . . . Melee . | . . . Knockbacks 3 | . . 3 Impact . | . . . Kinetic 3 | . . 3 Secondary . | . . . Self-Inflicted Damage . | . . . Shots . | . . . Rammed . | . . . Targets Rammed . | . . . Kicked . | . . . Crushed . | . . . Highest Temperature 472 | . 472 31 Average Temperature 152 | . 162 7 Received Heat Transfer 522 | . 219 303 Effects 6 | . 6 . Shutdowns 2 | . 2 . Energy Bleed 1 | . 1 . Interference 1 | . 1 . Matter Decay 1 | . 1 . Damage (minor) 1 | . 1 . Siege Activations . | . . . Robots Corrupted . | . . . Combat Hostiles . | . . . Parts Fried 1 | . 1 . Impact Corruptions . | . . . Robots Melted . | . . . Combat Hostiles . | . . . Parts Melted 4 | . 4 . Heat Transferred 2442 | . 2109 333 Parts Sabotaged . | . . . Parts Stolen . | . . . Parts Stripped . | . . . Power Chain Reactions . | . . . Alert | -11 -10 -10 ------- Run | Yrd Mat Sub Peak Influence 268 | . 268 . Initial . | . . . Average 134 | . 139 . Maximum Alert Level 1 | . 1 . Low Security (%) 89 | 100 89 . Level 1 10 | . 10 . Level 2 . | . . . Level 3 . | . . . Level 4 . | . . . Level 5 . | . . . High Security . | . . . Max Security . | . . . Squads Dispatched 2 | . 2 . Investigation 1 | . 1 . Extermination . | . . . Reinforcement 1 | . 1 . Assault . | . . . Garrison . | . . . Intercept . | . . . Searches Triggered . | . . . Construction Impeded . | . . . Haulers Reinforced . | . . . Active Scanning Responses . | . . . Cargo Convoy Interrupts . | . . . Stealth | -11 -10 -10 --------- Run | Yrd Mat Sub Distress Signals 1 | . 1 . Communications Jammed . | . . . Distress Signals . | . . . Times Spotted 41 | . 26 15 Peak Tracking Total 5 | . 5 5 Tactical Retreats 4 | . 2 2 Traps | -11 -10 -10 ------- Run | Yrd Mat Sub Traps Triggered 4 | . 4 . Indirectly . | . . . Trap Hack Attempts . | . . . Triggered . | . . . Disarmed . | . . . Reprogrammed . | . . . Reused . | . . . Traps Extracted . | . . . Installed . | . . . Triggered 1 | . 1 . Machines | -11 -10 -10 ---------- Run | Yrd Mat Sub Machines Disabled 4 | . 3 1 Max in Single Turn 1 | . 1 1 Machines Repaired . | . . . Machines Dismantled . | . . . Machines Sabotaged . | . . . Overloaded Fab Kills . | . . . Hacking | -11 -10 -10 --------- Run | Yrd Mat Sub Machines Accessed 6 | . 4 2 Terminals 4 | . 4 . Fabricators . | . . . Repair Stations . | . . . Recycling Units . | . . . Scanalyzers . | . . . Garrison Access . | . . . Total Hacks 13 | . 10 3 Successful 9 | . 6 3 Failed 4 | . 4 . Catastrophic . | . . . Database Lockouts . | . . . Manual . | . . . Terminals 10 | . 10 . Fabricators . | . . . Repair Stations . | . . . Recycling Units . | . . . Scanalyzers . | . . . Garrison Access . | . . . Terminal Hacks 9 | . 6 3 Record 1 | . . 1 Open Door 1 | . . 1 Locate Traps 1 | . 1 . Dispatch Records 2 | . 2 . Maintenance Status 1 | . 1 . Hauler Manifests 1 | . 1 . Registered Components 1 | . 1 . Release Object 1 | . . 1 Fabricator Hacks . | . . . Repair Station Hacks . | . . . Recycling Unit Hacks . | . . . Scanalyzer . | . . . Garrison Access Hacks . | . . . Unauthorized Hacks . | . . . Terminals . | . . . Fabricators . | . . . Repair Stations . | . . . Recycling Units . | . . . Scanalyzers . | . . . Garrison Access . | . . . Data Cores Recovered . | . . . Used . | . . . Hacking Detections 2 | . 2 . Full Trace Events . | . . . Feedback Events . | . . . Feedback Blocked . | . . . Robot Schematics Acquired . | . . . Robots Built . | . . . Authchips . | . . . Time . | . . . Total Robot Build Rating . | . . . Part Schematics Acquired . | . . . Parts Built . | . . . Authchips . | . . . Time . | . . . Total Part Build Rating . | . . . Parts Repaired . | . . . Time . | . . . Parts Recycled . | . . . Recycled Matter . | . . . Retrieved Matter . | . . . Retrieved Components . | . . . Parts Scanalyzed . | . . . Part Schematics Acquired . | . . . Parts Damaged . | . . . Bothacking | -11 -10 -10 ------------ Run | Yrd Mat Sub Used RIF Installer . | . . . Robots Hacked . | . . . Non-combat . | . . . Combat . | . . . Robot Hacks Applied . | . . . Relay Couplers Released . | . . . Fabnet Peak Effective % . | . . . Robots Rewired . | . . . Allies Hacked . | . . . Hacks Repelled . | . . . Allies | -11 -10 -10 -------- Run | Yrd Mat Sub Total Allies . | . . . Largest Group . | . . . Highest-Rated Group . | . . . Highest-Rated Ally . | . . . Total Orders . | . . . Ally Attacks . | . . . Total Damage . | . . . Kills . | . . . Allies Corrupted . | . . . Allies Melted . | . . . Intel | -11 -10 -10 ------- Run | Yrd Mat Sub Robot Analysis Total . | . . . Derelict Logs Recovered 3 | . . 3 Drone Launches . | . . . Drone Recoveries . | . . . Exploration | -11 -10 -10 ------------- Run | Yrd Mat Sub Turns Passed 3423 | 64 1715 1644 Spaces Moved 1821 | 40 919 862 Core 111 | 10 3 98 Treads 1710 | 30 916 764 Legs . | . . . Wheels . | . . . Hover . | . . . Flight . | . . . Fastest Speed 50 | 50 160 160 Average Speed 166 | 132 160 175 Slowest Speed 300 | 160 200 300 Overloaded Moves . | . . . Propulsion Burnouts . | . . . Robots Hopped . | . . . Cave-ins Triggered . | . . . Exploration Rate (%) 52 | 3 100 55 Regions Visited 2 Branch Regions 1 Pre-discovered Areas . | . . . Known Exits Taken 1 | . 1 . Unknown Exits Taken 1 | 1 . . Scrap Searched . | . . . Spaces Dug . | . . . Terrain Destroyed . | . . . Melee . | . . . Projectile . | . . . AOE . | . . . Terrain Rammed . | . . . Walls Destroyed . | . . . Machines Disabled . | . . . Actions | -11 -10 -10 --------- Run | Yrd Mat Sub Total 2046 | 51 1059 936 Wait 57 | . 53 4 Move 1819 | 39 918 862 Hop . | . . . Pick Up 32 | 6 17 9 Fast Attach 3 | . 3 . Attach 16 | 6 7 3 Detach . | . . . Swap 10 | . 5 5 Drop 12 | . 3 9 Fire 96 | . 53 43 Melee . | . . . Ram . | . . . Kick . | . . . Crush . | . . . Escape Stasis . | . . . Rewire . | . . . Trap . | . . . Miscellaneous 1 | . . 1 Route ------- -11/Scrapyard -10/Materials (discovered 6 exits: *Mat x3 / *Min x2 / *Sub) -10/Subcaves (discovered 1 exit: [*Rec]) History --------- Turn | Location | Event 25 | -11/Scrapyard | Discovered new exit (range 15) 65 | -11/Scrapyard | Entered Materials 278 | -10/Materials | Discovered new exit (range 9) 309 | -10/Materials | Build established: Mutant 352 | -10/Materials | Identified exit to Materials 796 | -10/Materials | Discovered new exit (range 14) 960 | -10/Materials | Discovered exit to Materials (range 16) 1085 | -10/Materials | Identified exit to Mines 1236 | -10/Materials | Discovered exit to Materials (range 16) 1516 | -10/Materials | Discovered exit to Mines (range 13) 1774 | -10/Materials | Discovered new exit (range 5) 1779 | -10/Materials | Identified exit to Subcaves 1780 | -10/Materials | Entered Subcaves 1826 | -10/Subcaves | Shifting Twisted Machinery released Barrage Gun 1845 | -10/Subcaves | Shifting Twisted Machinery released Scrap Shield 1861 | -10/Subcaves | Learned Materials terminal intel 1907 | -10/Subcaves | Shifting Twisted Machinery released Mak. Hammer 1922 | -10/Subcaves | Learned Materials trap positions 2063 | -10/Subcaves | Shifting Twisted Machinery released Hvy. Riot Gun 2221 | -10/Subcaves | Core integrity fell below 50% 2675 | -10/Subcaves | Released subatomizers from SUBCON Basin 3097 | -10/Subcaves | Discovered new exit (range 15) 3107 | -10/Subcaves | Core integrity fell below 20% 3128 | -10/Subcaves | Lost 3 parts (1n2w) 3424 | -10/Subcaves | Destroyed by 2Z-4ZB(R) with Subdweller Laser Last Messages --------------- Broken Sub. Machine Gun destroyed. EXIT=FOUND Lgt. Cannon destroyed. S-10 Pest destroyed. Lgt. Ion Engine fries itself beyond repair. Flight Unit fries itself beyond repair. S-10 Pest destroyed. Flight Unit fries itself beyond repair. Machine disabled. Flight Unit fries itself beyond repair. Lgt. Ion Engine fries itself beyond repair. Lgt. Assault Rifle fries itself beyond repair. Destroyed Autobeam. Autobeam Turret destroyed. Acquired 47 matter. Autobeam Turret destroyed. Acquired Autobeam. Acquired 20 matter. Acquired 25 matter. Autobeam destroyed. Map ----- +----------------------------------------------------+ | ##???????# #?# #???#?????# """" #### | | #???????# #?## ####?#####?# " #?# | | #??????# #??## # ### ### ## ##?# | | ###???? #???# #######??#" | | ##?? ##???# ###???????# " | | #?# #????## ## #### ##????????# # | | #?# #?????###########?# #?????????###? | | ##?? #?????????????????## ##??########??# | | ##?????? #??????????????????# #??#"" "#### | | ##??????? ??????????????????## ##??#" ## | | ##?????????????????????????????# #??#" %#! | | ???????????????????????????????## #?##"" & | | #?????????????????#????????????# ##?#< &! | | ####?????????????# ????????????# #?##"" % !%""" | | ###????? ???? ????????????# #??# # # | | #???? #??? ???????????# ##??#" # ## | | ##??? #??? ?????????## #???#""" "###? | | #???? ???# ?????????# ##??########??? | | " " ##?? #???# ?????????# #???????####?? | | ##" ##?? ##?## ?????????# #???##### #?? | | #### #?? ### #?????????# #??## ### | | #??## ##??# " "" ##????????# ##?## # | | ????# %#???# """"" ##??###### ###?##% | | ??### *#####""""""" #### ## ##???# = | | ?## &&%## """""" ## #??### & ## # | | ?# &! "###"" ## @ R ##?## "### ## | | ?## ! = #?#"" ## # #??# ##"### #? | | ??## |%* % ###&*! ## #### "### #? | | ???## ! &% %= # # # #?# ## | | ????## &#### "## #?## # | | ?????# ### ##??#### "### ##### # | | ????# #?# ##??????### ## # #?#### ## ## | | ??? #?# #????#### #### ##?# ##? | | ? #??## #?" #??# ## # ##? | | ### "#"# #??## #### ## | | ## ### ##""" ##?## ### #% | | # ###### "##### # ### * % | | # ?????# ""##???## " "/ = | | ## ?????# " ##?## """"" # # | | #?# #####?????# ### "" """#### ## | | ? ??# ??????????# " """""##?## ## | | ?????? ??????????# """ " ###?## # | | ??????? ??????????## """" "[#???# | | ????????????????????# """" ""#???##### | | ???????????????????## """"######???????# # | | ??????????????????## ""#????????????## # | | ??????????????????# ## #????????????# # | | ??????????????????# ###### #????????????## | | ?????????????????# #????## #?????????????# # | | ?????????????????# #?????# ##?????????????# | +----------------------------------------------------+ Best States ------------- Heat Dissipation 35 Energy Generation 15 Energy Capacity 250 Matter Stores 300 Matter Capacity 300 Sight Range 16 Terrain Scan Density 10 Evasion (%) 50 Recoil Reduction 2 Item Schematics ----------------- None Robot Schematics ------------------ None Fabricated ------------ Nothing Alien Tech Used ----------------- None Achievements -------------- None Challenges ------------ None Game ------ Seed WeightActiveBiocell Manual? 0 Play Time 00:20:28 Cumulative 13.2 hours Start 2025.03.17 @ 19:39:31 End 2025.03.17 @ 19:59:13 Sessions 1 Manual Loads 0 Difficulty Rogue Special Mode None Game No. 25 Rogue 25 Adventurer 0 Explorer 0 Win Type - Total 0 Types 0/0/0/0/0/0/0/0/0 Lore% 9 Gallery% 16 Achievement% 14 Wizard Run 0 Options --------- Layout 1 ASCII 0 Keyboard 0 Movement Mouse Keybinds 0 Fullscreen 2 Font 24/Smallcaps Map View 50x35 Zoom Use 0% Tactical HUD 0 Map Filters NONE Filters NONE Steam 1 RUN: 7bf92d2e-164e-43f7-8472-6b8e08e6cd3d